 Dungeon Crawl Stone Soup version 0.28-a0-413-gde365fb1df (webtiles) character file.

Game seed: 3007116044783766531

1895 dolemite99 the Basher (level 8, -4/93 HPs)
             Began as a Demonspawn Berserker on Sept 8, 2021.
             Was a Believer of Trog.
             Slain by a hornet (7 damage)
             ... on level 7 of the Dungeon.
             The game lasted 00:18:34 (11126 turns).

dolemite99 the Basher (Demonspawn Berserker)       Turns: 11126, Time: 00:18:35

Health: -4/93      AC: 11    Str: 19    XL:     8   Next: 93%
Magic:  8/8        EV:  9    Int:  9    God:    Trog [**....]
Gold:   124        SH:  0    Dex: 13    Spells: 7/7 levels left

rFire   . . .      SeeInvis .   a - +0 flail
rCold   + . .      Faith    +   (no shield)
rNeg    . . .      Spirit   .   o - +0 chain mail
rPois   .          Reflect  .   (no helmet)
rElec   .          Harm     .   s - +1 cloak
rCorr   .          Rampage  .   (gloves unavailable)
Will    ++...                   (no boots)
Stlth   ..........              r - amulet of faith
HPRegen 1.25/turn               m - +4 ring of slaying
MPRegen 0.11/turn               v - ring of protection from cold

@: berserking, lethally poisoned (-4 -> -5), strong-willed (expiring),
regenerating (expiring), slowed
A: claws 3, sturdy frame 1
a: Renounce Religion, Berserk, Trog's Hand


You were on level 7 of the Dungeon.
You worshipped Trog.
Trog was pleased with you.
You visited 1 branch of the dungeon, and saw 7 of its levels.

You collected 386 gold pieces.
You spent 262 gold pieces at shops.

Inventory:

Hand Weapons
 a - a +0 flail (weapon)
 b - a +0 hunting sling
 h - a +1 dagger of freezing
 q - a +0 mace
 u - a +0 shortbow
 B - a +1 dire flail of holy wrath
Missiles
 c - 42 poisoned darts
 g - 140 stones
 i - 33 bolts
 n - 33 sling bullets
 p - 57 arrows
 w - 3 boomerangs (quivered)
Armour
 o - a +0 chain mail (worn)
 s - a +1 cloak (worn)
Jewellery
 m - a +4 ring of slaying (left claw)
 r - an amulet of faith (around neck)
 v - a ring of protection from cold (right claw)
 y - a ring of fire
Wands
 f - a wand of iceblast (9)
 t - a wand of digging (7)
 A - a wand of flame (10)
Potions
 d - 2 potions of resistance
 e - 2 potions of might
 j - a potion of magic {unknown}
 k - a potion of attraction
 l - 4 potions of curing
 x - a potion of heal wounds
 z - a potion of haste
 C - a potion of lignification {unknown}


   Skills:
 + Level 5.0 Fighting
 - Level 8.3 Maces & Flails
 - Level 4.0 Throwing
 - Level 4.6 Armour
 - Level 1.7 Dodging


You had 7 spell levels left.
You didn't know any spells.
Your spell library was empty.

Dungeon Overview and Level Annotations

Branches:
Dungeon (7/15)             Temple (0/1) D:4

Altars:
Makhleb
Ru
Xom
Yredelemnul

Shops:
D:3 ?(*(   D:5 (=*[

Annotations:
D:2 !show this every time I visit D2
D:7 exclusion: door


Innate Abilities, Weirdness & Mutations

You have claws for hands.
Your movements are slightly less encumbered by armour. (ER -2)


Message History

You feel as though you will be slow longer.
You barely miss the hornet.
The hornet is lightly wounded.
You feel extremely sick.
The hornet stings you but does no damage.
The hornet closely misses you.
You thump the hornet!
The hornet is moderately wounded.
You feel very sick. The hornet stings you!
You feel as though you will be slow longer.
The hornet stings you.
* * * LOW HITPOINT WARNING * * *
You are more poisoned.
You feel as though you will be slow longer.
Your chain mail prevents you from hitting the hornet.
The hornet is moderately wounded.
You feel the effects of Trog's Hand fading.
* * * LOW HITPOINT WARNING * * *
You feel extremely sick. The hornet stings you.
* * * LOW HITPOINT WARNING * * *
You feel as though you will be slow longer.
The hornet stings you but does no damage.
A red film seems to cover your vision as you go berserk!
You feel yourself moving faster!
You feel mighty!
* * * LOW HITPOINT WARNING * * *
You feel very sick.
The hornet stings you but does no damage.
The hornet completely misses you.
The hornet stings you but does no damage.
You are too berserk!
You hit the hornet.
The hornet is heavily wounded.
You feel sick.
The hornet stings you but does no damage.
You closely miss the hornet.
The hornet is heavily wounded.
You feel sick. The hornet stings you!
You die...

,,,,,.y**#.#...**,*,*,* *,*,** *
,,,,,,.###.#...****,*,* *,*,,* *
**#####........,,,,,*,* *,*,,***
#........#*********,* *,*,,,**
#........# *,* *,*,*,**
#........# *,* *,*,*,**
*##........# *,****,*,*,**
,#.......#)######## *,,,,,,*,*,**
,#.......#.##...@.##########.#,,*
,#..<....#..+...y............#*,*
,#.......####.....#.....######*,,
,#.......+,,+.....+.....+,,,,,,,,
,#.......####.....#.....#*******,
,#................#...>.# *,
,#................#.....# *,
,#.#####.........##.....# *, ,#.*
#.........######## *,


You could see a hornet.

Vanquished Creatures
  Prince Ribbit (D:5)
  Sigmund (D:3)
  Edmund (D:6)
  A sky beast (D:6)
  2 black bears
  An ogre (D:3)
  3 centaurs
  A scorpion (D:4)
  3 water moccasin skeletons
  A bullfrog zombie (D:6)
  4 hounds
  A jelly (D:6)
  An orc priest (D:6)
  A bullfrog skeleton (D:6)
  A gnoll shaman (D:5)
  2 iguanas (D:4)
  2 orc wizards
  A hound skeleton (D:5)
  6 gnolls
  5 adders
  A river rat (D:5)
  3 adder skeletons (D:4)
  4 worms
  9 dart slugs
  9 orcs
  5 ball pythons
  10 bats
  7 endoplasms
  3 giant cockroaches
  12 goblins
  13 hobgoblins
  2 jackals (D:1)
  9 kobolds
  7 quokkas
  3 frilled lizards (D:3)
  10 rats
146 creatures vanquished.

Vanquished Creatures (others)
  An endoplasm (D:3)
1 creature vanquished.

Grand Total: 147 creatures vanquished

Notes
Turn   | Place    | Note
-------+----------+-------------------------------------------
     0 | D:1      | dolemite99 the Demonspawn Berserker began the quest for the
                  | Orb.
     0 | D:1      | Reached XP level 1. HP: 18/18 MP: 1/1
   199 | D:1      | Reached skill level 3 in Maces & Flails
   909 | D:1      | Gained mutation: You have sharp fingernails. [demonic
                  | ancestry]
   909 | D:1      | Reached XP level 2. HP: 24/24 MP: 2/2
  1578 | D:1      | Reached ** piety under Trog
  1689 | D:1      | Reached XP level 3. HP: 28/29 MP: 3/3
  1797 | D:1      | Reached skill level 4 in Maces & Flails
  2652 | D:2      | Found a faded altar of an unknown god.
  2666 | D:2      | Gained mutation: You have very sharp fingernails. [demonic
                  | ancestry]
  2666 | D:2      | Reached XP level 4. HP: 35/35 MP: 4/4
  3342 | D:2      | Reached skill level 5 in Maces & Flails
  4566 | D:3      | Gained mutation: Your movements are slightly less
                  | encumbered by armour. (ER -2) [demonic ancestry]
  4566 | D:3      | Reached XP level 5. HP: 41/41 MP: 5/5
  4633 | D:3      | Noticed Sigmund
  4654 | D:3      | Killed Sigmund
  4655 | D:3      | Reached skill level 6 in Maces & Flails
  4655 | D:3      | Gained mutation: You have claws for hands. [demonic
                  | ancestry]
  4655 | D:3      | Reached XP level 6. HP: 47/47 MP: 6/6
  4748 | D:3      | Found Sosmekem's Magic Scroll Boutique.
  4754 | D:3      | Bought a scroll of identify for 20 gold pieces
  4765 | D:3      | Bought a scroll of identify for 20 gold pieces
  4766 | D:3      | Bought a scroll of identify for 20 gold pieces
  4766 | D:3      | Bought a scroll of identify for 20 gold pieces
  4789 | D:3      | Found Lailipt's Assorted Antiques.
  5021 | D:3      | Found Jirotherr's Weapon Shop.
  5064 | D:3      | Found Sulumecy's Weapon Boutique.
  5969 | D:3      | Bought a glowing coppery potion for 18 gold pieces
  6253 | D:3      | Found a burning altar of Makhleb.
  6253 | D:3      | Found a basalt altar of Yredelemnul.
  6610 | D:4      | Reached skill level 7 in Maces & Flails
  6838 | D:3      | Bought a scroll labelled YSAGEE YNAEFAM for 21 gold pieces
  7031 | D:4      | Reached XP level 7. HP: 49/52 MP: 7/7
  7662 | D:4      | Reached *** piety under Trog
  7989 | D:4      | Found a staircase to the Ecumenical Temple.
  8191 | D:4      | Reached skill level 8 in Maces & Flails
  8351 | D:4      | Found a shimmering altar of Xom.
  8370 | D:5      | Entered Level 5 of the Dungeon
  8386 | D:5      | Found Xumnopnee's Armour Boutique.
  8564 | D:3      | Bought a small moonstone ring for 105 gold pieces
  8677 | D:5      | Found a sacrificial altar of Ru.
  8678 | D:5      | Found Uveug's Assorted Antiques.
  8802 | D:3      | Bought a +0 flail for 38 gold pieces
  9006 | D:5      | Found a glowing drain.
  9013 | D:5      | You fall into a shaft and drop 2 floors!
  9137 | D:5      | Noticed Prince Ribbit
  9165 | D:5      | Found Maodumus's Weapon Shoppe.
  9502 | D:5      | Reached XP level 8. HP: 39/58 MP: 8/8
  9515 | D:5      | Killed Prince Ribbit
  9848 | D:5      | Found Zupnaiso's Jewellery Emporium.
 10015 | D:6      | Reached skill level 1 in Throwing
 10664 | D:6      | Noticed Edmund
 10676 | D:6      | Killed Edmund
 10962 | D:7      | Reached skill level 5 in Fighting
 11045 | D:7      | Noticed a hornet
 11125 | D:7      | HP: 4/93 [poisoned by a hornet]
 11126 | D:7      | Slain by a hornet

Illustrated notes

Levels and vault maps discovered:
D:1:      scummos_arrival_hexagon, layout_loops_ring, minmay_tromino_v2
D:2:      layout_basic, ebering_ecumenical_altar_webs
D:3:      minmay_bubble_buster, layout_loops_ring,
          gammafunk_temple_overflow_statue, serial_shops, shop,
          nicolae_shop_waterfront, shop_statue, nicolae_diamond_shop,
          uniq_sigmund
D:4:      layout_gridville, lemuel_tele_altar, temple_doors_e
D:5:      layout_rooms, amcnicky_altar_gilded, serial_shops, shop, shop, shop,
          nicolae_shop_statue_plus, cheibrodos_sewer_entry_sluice,
          uniq_prince_ribbit1
D:6:      black_bear_nest_1, layout_loops_ring, uniq_edmund
D:7:      layout_basic, minmay_nine_imps

Skill      XL: |  1  2  3  4  5  6  7  8 |
---------------+-------------------------+-----
Maces & Flails | 3 4 5 6 7 8 |  8.3
Armour         | 3 4 |  4.6
Throwing       | 4 |  4.0
Fighting       | 5 |  5.0
Dodging        | |  1.7

Action                   |  1- 3 |  4- 6 |  7- 9 || total
-------------------------+-------+-------+-------++-------
Melee: Mace              |   134 |   221 |   144 ||   499
       Flail             |       |       |   130 ||   130
 Fire: Shortbow          |       |       |     1 ||     1
Throw: Stone             |    17 |    15 |     2 ||    34
       Boomerang         |       |       |     3 ||     3
Invok: Berserk           |     3 |     9 |     5 ||    17
       Trog's Hand       |       |     1 |    16 ||    17
  Use: Scroll            |       |     8 |     6 ||    14
Armor: Animal skin       |     7 |       |       ||     7
       Ring mail         |    31 |    56 |       ||    87
       Scale mail        |       |    19 |       ||    19
       Chain mail        |       |       |   161 ||   161
Dodge: Dodged            |    94 |   122 |   160 ||   376

Table legend: (Time is in decaauts)
 A = Elapsed time spent in this place.
 B = Non-inter-level travel time spent in this place.
 C = Inter-level travel time spent in this place.
 D = Time resting spent in this place.
 E = Time spent auto-exploring this place.
 F = Levels seen in this place.
 G = Mean time per level.
                   A        B        C        D        E       F      G
               +--------+--------+--------+--------+--------+-----+--------+
         Total |  11346 |  10625 |    721 |   5042 |   3565 |   7 | 1620.9 |
       Dungeon |  11346 |  10625 |    721 |   5042 |   3565 |   7 | 1620.9 |
               +--------+--------+--------+--------+--------+-----+--------+

Top non-repeatable levels by time:
     D:3: 3062 daAuts
     D:1: 2272 daAuts
     D:2: 1960 daAuts
     D:4: 1668 daAuts
     D:5: 1142 daAuts
     D:6: 1021 daAuts
     D:7: 218 daAuts
